 Dungeon Crawl Stone Soup version 0.24-a0-250-g6074511 (webtiles) character file.

Game seed: 5333741096188782105

364 Borgoz the Cutter (level 7, -2/41 HPs)
             Began as a Kobold Gladiator on Apr 15, 2019.
             Killed by nerve-wracking pain
             ... invoked by Grinder
              (9 damage)
             ... on level 4 of the Dungeon.
             The game lasted 00:04:43 (2235 turns).

Borgoz the Cutter (Kobold Gladiator)                Turns: 2235, Time: 00:04:43

Health: -2/41      AC:  5    Str: 17    XL:     7   Next: 0%
Magic:  7/7        EV: 17    Int: 10    God:
Gold:   187        SH:  0    Dex: 16    Spells: 6/6 levels left

rFire    + . .     SeeInvis .   a - +0 rapier
rCold    . . .     Gourm    .   (shield restricted)
rNeg     . . .     Faith    .   b - +0 leather armour
rPois    .         Spirit   .   c - +0 helmet
rElec    .         Reflect  .   (no cloak)
rCorr    .         Harm     .   (no gloves)
MR       .....                  k - +0 pair of boots
Stlth    ++........             (no amulet)
HPRegen  0.13/turn              q - ring of protection from fire
MPRegen  0.10/turn              i - +4 ring of strength

@: hasted, very quick
A: small, carnivore
a: no special abilities


You were on level 4 of the Dungeon.
You were very full.

You visited 1 branch of the dungeon, and saw 4 of its levels.

You collected 187 gold pieces.

Inventory:

Hand Weapons
 a - a +0 rapier (weapon)
Missiles
 d - 2 throwing nets (quivered)
Armour
 b - a +0 leather armour (worn)
 c - a +0 helmet (worn)
 k - a +0 pair of boots (worn)
Jewellery
 i - a +4 ring of strength (right hand)
 q - a ring of protection from fire (left hand)
Scrolls
 e - 2 scrolls of immolation {unknown}
 g - 2 scrolls of enchant weapon {unknown}
 h - 3 scrolls of remove curse
 l - 2 scrolls of fear {unknown}
 n - 2 scrolls of teleportation
 r - a scroll of magic mapping {unknown}
 s - a scroll of blinking {unknown}
 t - a scroll of identify {unknown}
Potions
 j - 2 potions of mutation {unknown}
 m - a potion of might {unknown}
 o - a potion of resistance {unknown}
 p - a potion of berserk rage {unknown}
 u - a potion of degeneration {unknown}
 v - a potion of haste
Comestibles
 f - 6 rations


   Skills:
 + Level 3.5 Fighting
 + Level 7.1 Short Blades
 + Level 2.5 Throwing
 + Level 1.5 Armour
 + Level 5.0 Dodging
 + Level 1.1 Stealth


You had 6 spell levels left.
You didn't know any spells.
Your spell library contained the following spells:

 Spells                   Type           Power        Failure   Level  Hunger
 Magic Dart               Conj           #...         41%         1    ##.....
 Blink                    Tloc           N/A          56%         2    ###....
 Call Imp                 Summ           #.......     56%         2    ###....
 Slow                     Hex            #.......     56%         2    ###....
 Conjure Flame            Conj/Fire      #.......     80%         3    ####...
 Mephitic Cloud           Conj/Pois/Air  #.......     80%         3    ####...


Dungeon Overview and Level Annotations

Branches:
Dungeon (4/15)
 Temple: D:4-7

Altars:
Kikubaaqudgha
Trog

Annotations:
D:4 Grinder


Innate Abilities, Weirdness & Mutations

You are small and have problems with some larger weapons.
You are carnivorous and can eat meat at any time.


Message History

Grinder hits you.
You writhe in agony.
Grinder hits you.
You writhe in agony.
* * * LOW HITPOINT WARNING * * *
Grinder hits you.
* * * LOW HITPOINT WARNING * * *
You writhe in agony.
* * * LOW HITPOINT WARNING * * *
You can move again.
Okay, then.
It was a potion of haste.
You feel yourself speed up. Grinder closely misses you.
Okay, then.
As you open the door, it creaks loudly!
There is an open door here.
Unknown command.
Grinder says, "Wait up."
There is an open door here.
Grinder gestures at you. Pain shoots through your body!
You die...

#..##.### . #######..##... ..
#........##.## .#
#.####...#...##..#
#.####...........#
#.#..........###
#.#.##.####.## #.#.##.# #.#
#.# #.#.##.# #@# ...# #......#
##'## ..# #.########...## ..#
#.# ##.....## ###.# ##.##
##.......## ##.#.#
##...####5........####....####
#.......'.........'...........
##...####.........####....##.#
#..## ##.......#####..#.##.#


You could see Grinder.

Vanquished Creatures
  2 eyes of draining (D:3)
  A centaur skeleton (D:4)
  Jessica (D:2)
  5 gnolls
  An adder (D:2)
  An ooze (D:4)
  3 dart slugs
  A worm (D:3)
  3 leopard geckos
  3 orcs
  2 giant cockroaches
  5 goblins
  8 hobgoblins
  2 jackals (D:3)
  A kobold (D:1)
  5 quokkas
  6 bats
  4 frilled lizards
  5 rats
59 creatures vanquished.

Notes
Turn   | Place    | Note
-------+----------+-------------------------------------------
     0 | D:1      | Borgoz the Kobold Gladiator began the quest for the Orb.
     0 | D:1      | Reached XP level 1. HP: 12/12 MP: 1/1
    60 | D:1      | Reached XP level 2. HP: 8/18 MP: 2/2
   392 | D:1      | Reached XP level 3. HP: 22/22 MP: 3/3
   716 | D:2      | Noticed Jessica
   730 | D:2      | Reached XP level 4. HP: 27/27 MP: 4/4
   751 | D:2      | Killed Jessica
   751 | D:2      | Reached skill level 5 in Short Blades
   794 | D:2      | Found an ancient bone altar of Kikubaaqudgha.
   826 | D:2      | Reached XP level 5. HP: 15/32 MP: 5/5
  1548 | D:3      | Found a bloodstained altar of Trog.
  1548 | D:3      | Noticed an eye of draining
  1548 | D:3      | Noticed an eye of draining
  1573 | D:3      | Killed an eye of draining
  1573 | D:3      | Reached skill level 6 in Short Blades
  1573 | D:3      | Reached skill level 1 in Armour
  1573 | D:3      | Reached XP level 6. HP: 35/37 MP: 1/6
  1596 | D:3      | Killed an eye of draining
  1596 | D:3      | Reached skill level 5 in Dodging
  1693 | D:3      | Reached skill level 1 in Stealth
  1986 | D:4      | Reached skill level 7 in Short Blades
  2190 | D:4      | Reached XP level 7. HP: 41/41 MP: 7/7
  2201 | D:4      | Noticed Grinder
  2215 | D:4      | Paralysed by Grinder for 4 turns
  2235 | D:4      | Killed from afar by Grinder

Levels and vault maps discovered:
D:1:      minmay_arrival_checkered_box, layout_basic
D:2:      layout_loops_ring, nicolae_overflow_crystal_walls, uniq_jessica
D:3:      layout_basic, trog_eyes_of_draining
D:4:      layout_loops_corners, first_ration, nicolae_qazlal_style_of_elements,
          uniq_grinder

Skill      XL: |  1  2  3  4  5  6 |
---------------+-------------------+-----
Dodging        | 4 5 |  5.0
Fighting       | 3 |  3.5
Short Blades   | 5 6 7 |  7.1
Armour         | 1 |  1.5
Stealth        | 1 |  1.1
Throwing       | |  2.5

Action                   |  1- 3 |  4- 6 |  7- 9 || total
-------------------------+-------+-------+-------++-------
Melee: Rapier            |    92 |   157 |    11 ||   260
Throw: Throwing net      |       |     3 |       ||     3
  Use: Scroll            |       |     2 |       ||     2
       Potion            |       |       |     1 ||     1
 Stab: Held in net/web   |       |     1 |       ||     1
       Sleeping          |       |     4 |       ||     4
  Eat: Chunk             |     8 |     3 |       ||    11
Armor: Leather armour    |    20 |    13 |       ||    33
Dodge: Dodged            |    69 |   104 |     8 ||   181

Table legend:
 A = Non-vault XP
 B = Vault XP
 C = Vault XP percentage of total XP
 D = Non-vault monster count
 E = Vault monster count
 F = Vault count percentage of total count
                 A         B        C        D         E       F
            +---------+---------+-------+---------+---------+-------
      Total |     212 |     308 |  59.2 |      54 |       5 |   8.5
            +---------+---------+-------+---------+---------+-------
        D:1 |      45 |       0 |   0.0 |      17 |       0 |   0.0
        D:2 |      88 |      37 |  29.6 |      20 |       1 |   4.8
        D:3 |      30 |     271 |  90.0 |      14 |       4 |  22.2
        D:4 |      49 |       0 |   0.0 |       3 |       0 |   0.0
            +---------+---------+-------+---------+---------+-------
